 Dungeon Crawl Stone Soup version 0.26.1-11-gd32895ea62 (webtiles) character file.

Game seed: 6437323757623305857

46 phalm the Skirmisher (level 3, 0/24 HPs)
             Began as a Gargoyle Monk on Apr 26, 2021.
             Slain by an orc
             ... wielding a +0 dagger
              (1 damage)
             ... on level 2 of the Dungeon.
             The game lasted 00:02:45 (1432 turns).

phalm the Skirmisher (Gargoyle Monk)                Turns: 1432, Time: 00:02:46

Health: 0/24       AC:  3    Str: 14    XL:     3   Next: 66%
Magic:  3/4        EV: 13    Int: 11    God:
Gold:   98         SH:  0    Dex: 12    Spells: 3/3 levels left

rFire    . . .     SeeInvis .   a - +0 mace
rCold    . . .     Faith    .   (no shield)
rNeg     + . .     Spirit   .   b - +0 robe
rPois    ∞         Reflect  .   (no helmet)
rElec    +         Harm     .   k - +0 cloak
rCorr    .         Rampage  .   h - +0 pair of gloves
Will     .....                  (no boots)
Stlth    ++........             (no amulet)
HPRegen  0.08/turn              i - -4 ring of protection (curse)
MPRegen  0.09/turn              (no ring)

@: no status effects
A: negative energy resistance 1, electricity resistance, unbreathing,
petrification resistance, miasma immunity, AC +3
a: no special abilities


You were on level 2 of the Dungeon.
You visited 1 branch of the dungeon, and saw 2 of its levels.

You collected 98 gold pieces.


Innate Abilities, Weirdness & Mutations

You are resistant to torment.
Your stone body is resilient. (AC +3)
You are immune to poison.
You resist negative energy. (rN+)
You are resistant to electric shocks. (rElec)
You can survive without breathing.
You are immune to petrification.
You are immune to miasma.


   Skills:
 + Level 3.6 Fighting
 - Level 3.0 Maces & Flails
 + Level 1.3 Armour
 + Level 2.7 Dodging
 - Level 2.1 Stealth
 + Level 0.6 Spellcasting
 + Level 1.0 Conjurations
 + Level 1.1 Earth Magic


You had 3 spell levels left.
You didn't know any spells.
Your spell library was empty.

Inventory:

Hand Weapons
 a - a +0 mace (weapon)
Missiles
 j - a throwing net (quivered) {=f}
Armour
 b - a +0 robe (worn)
 h - a +0 pair of gloves (worn)
   (You found it on level 2 of the Dungeon)
 k - a +0 cloak (worn)
   (You found it on level 2 of the Dungeon)
Jewellery
 i - a cursed -4 ring of protection (left hand)
   (You found it on level 2 of the Dungeon)
Scrolls
 d - a scroll of magic mapping {unknown}
 e - 6 scrolls of identify {unknown}
 f - a scroll of remove curse {unknown}
Potions
 c - 2 potions of lignification {unknown}
 g - 2 potions of heal wounds {unknown}

Dungeon Overview and Level Annotations

Branches:
Dungeon (2/15)

Altars:
Cheibriados
Gozag

Annotations:
D:2 exclusion: door, Sigmund

....##### #.#...#.#
#####.# #.. )...#
#.#...#.# ####.# ### .####
#.#...#.# #....# .#
#.......# #.######## .#
#####...########.# #....
.# ........###...##.#
#.#.. ##
.###.........#.##.####.#..
....#..##[...............
##.....o@.#####.#####.#..
.###.#.###...#...# #.###
.............#.#.# #....
#####.........#.# #####
##.##.##.##.###
#.##.........#
###.##########.# #.....#
#.# #....#################


You could see an orc.


Message History

You hit the worm but do no damage. The worm closely misses you.
You hit the worm but do no damage. You hit the worm.
The worm bites you. 😕 HP[-4]
You take 4 damage, and now have 19/23 hp.
You hit the worm. The worm bites you but does no damage.
You barely miss the worm. The worm completely misses you.
You barely miss the worm. You thump the worm!
You kill the worm!
Your Conjurations skill increases to level 1!
No target in view!
No target in view!
e - 5 scrolls labelled VUYNLI BURUABB (gained 1)
e - 6 scrolls labelled VUYNLI BURUABB (gained 1)
You see here a robe.
You now have 98 gold pieces (gained 13).
An orc comes into view.
The orc moves out of view. 😎 HP[+4]
Your hp is fully restored (23).
An orc is nearby!
An orc comes into view. It is wielding a +0 dagger.
The orc moves out of view.
No target in view!
No target in view!
No target in view!
An orc is nearby!
An orc comes into view.
The orc throws a boomerang.
The boomerang hits you.
The weapon returns to the orc! 😕 HP[-3]
You take 3 damage, and now have 20/23 hp.
The orc shouts!
You hear a shout!
You see here 16 arrows.
You hit the orc but do no damage.
An orc comes into view. It is wielding a +0 dagger.
The orc closely misses you.
You hit the orc. The orc misses you.
You hit the orc.
You kill the orc!
The orc throws a boomerang.
The boomerang barely misses you.
The weapon returns to the orc!
The orc hits you.
You now have 24 max hp (+1).
You hit the orc but do no damage.
The orc throws a boomerang.
The boomerang hits you.
The weapon returns to the orc!
The orc closely misses you. 😕 HP[-1]
You take 1 damage, and now have 19/24 hp.
You closely miss the orc. The orc hits you but does no damage.
The orc closely misses you. The orc hits you with a +0 dagger.
You hit the orc. The orc barely misses you. The orc hits you with a +0 dagger.
The orc barely misses you. 😮 HP[-4]
You take 4 damage, and now have 15/24 hp.
You are too injured to fight recklessly!
You are too injured to fight recklessly!
You are too injured to fight recklessly!
You are too injured to fight recklessly!
Unknown command.
You barely miss the orc. The orc barely misses you. x2
You hit the orc.
You kill the orc!
The orc throws a boomerang.
The boomerang barely misses you.
The weapon returns to the orc!
The orc hits you. 😮 HP[-1]
You take 1 damage, and now have 14/24 hp.
You hit the orc but do no damage. The orc hits you.
The orc barely misses you. 😮 HP[-1]
You take 1 damage, and now have 13/24 hp.
You closely miss the orc. The orc hits you.
* * * LOW HITPOINT WARNING * * *
The orc closely misses you. x2 😨 HP[-3]
You take 3 damage, and now have 10/24 hp.
You barely miss the orc. The orc closely misses you. The orc barely misses you.
Unknown command.
You hit the orc but do no damage. The orc hits you with a +0 dagger.
* * * LOW HITPOINT WARNING * * *
The orc hits you but does no damage. x2 😱 HP[-4]
You take 4 damage, and now have 6/24 hp.
You hit the orc. The orc hits you.
* * * LOW HITPOINT WARNING * * *
The orc hits you but does no damage. 😱 HP[-3]
You take 3 damage, and now have 3/24 hp.
You hit the orc but do no damage. The orc hits you.
* * * LOW HITPOINT WARNING * * *
The orc closely misses you.
The orc hits you but does no damage. 😱 HP[-2]
You take 2 damage, and now have 1/24 hp.
You sock the orc!
You kill the orc!
The orc misses you. 😱 HP[+1]
You barely miss the orc. The orc hits you with a +0 dagger.
* * * LOW HITPOINT WARNING * * *
The orc hits you with a +0 dagger.
You die...

Skill      XL: |  1  2  3 |
---------------+----------+-----
Armour         | 1 |  1.3
Earth Magic    | 1 |  1.1
Conjurations   | 1 |  1.0
Fighting       | |  3.6
Maces & Flails | |  3.0
Dodging        | |  2.7
Stealth        | |  2.1
Spellcasting   | |  0.6

Action                   || total
-------------------------++-------
Melee: Mace              ||    93
 Stab: Sleeping          ||     3
Armor: Robe              ||    17
Dodge: Dodged            ||    68

Levels and vault maps discovered:
D:1:      erik_arrival_orb_chamber, layout_basic
D:2:      layout_loops_cross, lemuel_coloured_pillars_altar,
          nicolae_gozag_seed_capital, kennysheep_generic_room_8, uniq_sigmund

Notes
Turn   | Place    | Note
-------+----------+-------------------------------------------
     0 | D:1      | phalm the Gargoyle Monk began the quest for the Orb.
     0 | D:1      | Reached XP level 1. HP: 14/14 MP: 1/1
     0 | D:1      | magus.rc [v1.9.10]
   148 | D:1      | Reached XP level 2. HP: 19/19 MP: 2/2
   301 | D:1      | Reached skill level 1 in Armour
   681 | D:2      | Reached XP level 3. HP: 23/23 MP: 3/3
   760 | D:2      | Noticed Sigmund
   795 | D:2      | Reached skill level 1 in Earth Magic
   845 | D:2      | Found an opulent altar of Gozag.
  1206 | D:2      | Found a snail-covered altar of Cheibriados.
  1260 | D:2      | Reached skill level 1 in Conjurations
  1428 | D:2      | HP: 6/24 [orc/+0 dagger (4)]
  1430 | D:2      | HP: 1/24 [orc (2)]
  1432 | D:2      | Slain by an orc

Vanquished Creatures
  A worm (D:2)
  A dart slug (D:1)
  3 leopard geckos
  3 orcs (D:2)
  2 giant cockroaches
  3 goblins
  3 hobgoblins (D:1)
  7 kobolds
  2 quokkas (D:2)
  2 bats
  3 frilled lizards (D:1)
  2 rats (D:2)
32 creatures vanquished.

Table legend:
 A = Non-vault XP
 B = Vault XP
 C = Vault XP percentage of total XP
 D = Non-vault monster count
 E = Vault monster count
 F = Vault count percentage of total count
                 A         B        C        D         E       F
            +---------+---------+-------+---------+---------+-------
      Total |      66 |       0 |   0.0 |      32 |       0 |   0.0
            +---------+---------+-------+---------+---------+-------
        D:1 |      32 |       0 |   0.0 |      17 |       0 |   0.0
        D:2 |      34 |       0 |   0.0 |      15 |       0 |   0.0
            +---------+---------+-------+---------+---------+-------

Illustrated notes

Table legend:
 A = Kills in this place as a percentage of kills in entire the game.
 B = Kills by you in this place as a percentage of kills by you in the entire game.
 C = Kills by friends in this place as a percentage of kills by friends in the entire game.
 D = Other kills in this place as a percentage of other kills in the entire game.
 E = Experience gained in this place as a percentage of experience gained in the entire game.
 F = Experience gained in this place divided by the number of levels of this place that you have seen.
                   A       B       C       D       E      F
               +-------+-------+-------+-------+-------+----------------------
         Total | 100.0 | 100.0 |   N/A |   N/A | 100.0 |  33.0
       Dungeon | 100.0 | 100.0 |   N/A |   N/A | 100.0 |  33.0
               +-------+-------+-------+-------+-------+----------------------

Table legend: (Time is in decaauts)
 A = Elapsed time spent in this place.
 B = Non-inter-level travel time spent in this place.
 C = Inter-level travel time spent in this place.
 D = Time resting spent in this place.
 E = Time spent auto-exploring this place.
 F = Levels seen in this place.
 G = Mean time per level.
                   A        B        C        D        E       F      G
               +--------+--------+--------+--------+--------+-----+--------+
         Total |   1454 |   1433 |     21 |      0 |   1192 |   2 |  727.0 |
       Dungeon |   1454 |   1433 |     21 |      0 |   1192 |   2 |  727.0 |
               +--------+--------+--------+--------+--------+-----+--------+

Top non-repeatable levels by time:
     D:2: 877 daAuts
     D:1: 577 daAuts
